 Dungeon Crawl Stone Soup version 0.24.1-5-g77f818bfca (webtiles) character file.

Game seed: 5777498465131506271, levelgen mode: deterministic

205 Frank2 the Cudgeler (level 5, -3/39 HPs)
             Began as a Demonspawn Gladiator on Apr 24, 2020.
             Slain by a worm (10 damage)
             ... on level 3 of the Dungeon.
             The game lasted 00:03:00 (2831 turns).

Frank2 the Cudgeler (Demonspawn Gladiator)          Turns: 2831, Time: 00:03:00

Health: -3/39      AC:  3    Str: 15    XL:     5   Next: 52%
Magic:  5/5        EV: 13    Int:  9    God:
Gold:   160        SH:  0    Dex: 15    Spells: 4/4 levels left

rFire    . . .     SeeInvis +   a - +0 flail
rCold    . . .     Gourm    .   (no shield)
rNeg     . . .     Faith    .   b - +0 leather armour
rPois    .         Spirit   .   (helmet restricted)
rElec    .         Reflect  .   (no cloak)
rCorr    .         Harm     .   (no gloves)
MR       .....                  (no boots)
Stlth    ++........             g - amulet of regeneration
HPRegen  0.53/turn              i - ring of see invisible
MPRegen  0.09/turn              (no ring)

@: no status effects
A: horns 1, nightstalker 1
a: no special abilities


You were on level 3 of the Dungeon.
You were not hungry.

You visited 1 branch of the dungeon, and saw 3 of its levels.

You collected 160 gold pieces.

Inventory:

Hand Weapons
 a - a +0 flail (weapon)
Missiles
 j - a throwing net (quivered)
Armour
 b - a +0 leather armour (worn)
 c - a +0 helmet
 h - a cursed +0 leather armour
Jewellery
 g - an amulet of regeneration (around neck)
 i - a ring of see invisible (left hand)
Wands
 d - a wand of clouds (4)
Scrolls
 e - 2 scrolls of teleportation
 m - 4 scrolls of identify
 p - a scroll of remove curse
Potions
 k - 2 potions of flight {unknown}
 l - a potion of heal wounds {unknown}
 n - a potion of curing {unknown}
 o - a potion of cancellation {unknown}
Comestibles
 f - 7 rations


   Skills:
 + Level 2.6 Fighting
 + Level 4.2 Maces & Flails
 - Level 1.7 Throwing
 + Level 2.1 Armour
 + Level 3.6 Dodging


You had 4 spell levels left.
You didn't know any spells.
Your spell library was empty.

Dungeon Overview and Level Annotations

Branches:
Dungeon (3/15)

Altars:


Innate Abilities, Weirdness & Mutations

You have a pair of small horns on your head.
You are slightly more attuned to the shadows.


Message History

The orc is lightly wounded.
The orc hits you but does no damage.
The orc hits you with a cursed -1 hand axe.
The kobold barely misses you. The worm misses you.
The orc hits you but does no damage. The orc misses you.
You sock the orc!
You kill the orc!
The orc completely misses you. The kobold barely misses you.
The orc hits you from afar with a +0 trident!
The worm bites you.
* * * LOW HITPOINT WARNING * * *
You closely miss the orc. The orc barely misses you.
The kobold closely misses you. The orc hits you but does no damage.
The orc closely misses you. The kobold misses you.
The orc hits you with a cursed -1 hand axe.
* * * LOW HITPOINT WARNING * * *
You sock the orc!
You kill the orc!
The worm bites you!
You die...

### #.####### ♣
..##.# ###..#.#
#.##.#.#
[.(#.#.##
#(##....#
#'###'#..#
#####)##..##.#
#(?w@#'....#.#
#(.oKo##....#.#
#!.gSr###..## .
#..!.?' ####
##$.(## ####


You could see a worm, an adder, 2 orcs, a goblin, a kobold and a rat.

Vanquished Creatures
  Ijyb (D:3)
  Natasha (thrice) (D:2)
  3 adders
  An ooze (D:3)
  2 dart slugs
  2 leopard geckos
  3 orcs (D:3)
  4 giant cockroaches
  7 goblins
  7 hobgoblins
  6 jackals (D:1)
  12 kobolds
  A ball python (D:3)
  7 bats
  3 frilled lizards
  3 rats
65 creatures vanquished.

Notes
Turn   | Place    | Note
-------+----------+-------------------------------------------
     0 | D:1      | Frank2 the Demonspawn Gladiator began the quest for the
                  | Orb.
     0 | D:1      | Reached XP level 1. HP: 16/16 MP: 1/1
   193 | D:1      | Gained mutation: You have a pair of small horns on your
                  | head. [demonic ancestry]
   193 | D:1      | Reached XP level 2. HP: 22/22 MP: 2/2
   564 | D:1      | Reached skill level 3 in Maces & Flails
   736 | D:1      | Gained mutation: You are slightly more attuned to the
                  | shadows. [demonic ancestry]
   736 | D:1      | Reached XP level 3. HP: 18/27 MP: 3/3
  1197 | D:2      | Noticed Natasha
  1209 | D:2      | Killed Natasha
  1209 | D:2      | Reached skill level 1 in Armour
  1209 | D:2      | Reached XP level 4. HP: 9/34 MP: 4/4
  1556 | D:2      | Noticed Natasha
  1557 | D:2      | Found a faded altar of an unknown god.
  1567 | D:2      | Killed Natasha
  1816 | D:2      | Noticed Natasha
  1832 | D:2      | Killed Natasha
  2376 | D:3      | Noticed Ijyb
  2392 | D:3      | Killed Ijyb
  2392 | D:3      | Reached skill level 4 in Maces & Flails
  2392 | D:3      | Reached XP level 5. HP: 22/39 MP: 5/5
  2831 | D:3      | Slain by a worm

Levels and vault maps discovered:
D:1:      elethiomel_arrival_quiet, layout_basic, kennysheep_flooded_box
D:2:      layout_loops_ring, chequers_ecumenical_altar_simple, uniq_natasha
D:3:      minmay_wonky_spiral, layout_loops_ring, minmay_joined_circles,
          uniq_ijyb, uniq_crazy_yiuf_cottage

Skill      XL: |  1  2  3  4  5 |
---------------+----------------+-----
Dodging        | 3 |  3.6
Maces & Flails | 3 4 |  4.2
Armour         | 1 2 |  2.1
Fighting       | |  2.6
Throwing       | |  1.7

Action                   |  1- 3 |  4- 6 || total
-------------------------+-------+-------++-------
Melee: Flail             |    95 |    94 ||   189
       Headbutt          |    15 |    20 ||    35
Throw: Throwing net      |     2 |     3 ||     5
  Use: Scroll            |     4 |     3 ||     7
 Stab: Sleeping          |     4 |     6 ||    10
  Eat: Chunk             |       |     6 ||     6
Armor: Leather armour    |    20 |    23 ||    43
Dodge: Dodged            |    87 |    70 ||   157
